PR
REDWOOD RHINOS @ FORT KNOX CENTENNIAL
08/29/2042
 
TOP OF THE 1ST
Redwood Rhinos batting - Pitching for Fort Knox Centennial : RHP Clark Ritchie
Pitching: RHP Clark Ritchie
Batting: RHB Roy MacDonald 0-0: Fly out, F7 (Line Drive, 7, EV 86.2 MPH)
Batting: RHB Jimmy Cooper 0-0: SINGLE (Groundball, 4MD, EV 103.1 MPH)
Batting: SHB Ralph Ludwig 0-0: Fly out, F6 (Popup, 6, EV 78.8 MPH)
Batting: LHB Stan Daniels 0-0: Foul Ball, location: 2F
0-1: Called Strike
0-2: Foul Ball, location: 2F
0-2: Ground out 4-3 (Groundball, 4, EV 83.1 MPH)
Top of the 1st over - 0 runs, 1 hit, 0 errors, 1 left on base; Redwood 0 - Fort Knox 0
BOTTOM OF THE 1ST
Fort Knox Centennial batting - Pitching for Redwood Rhinos : RHP Noah Olinger
Pitching: RHP Noah Olinger
Batting: LHB Don Barnes 0-0: Ball
1-0: Ball
2-0: Ball
3-0: Called Strike
3-1: Base on Balls
Batting: LHB Adhane Nduria 0-0: Ball
1-0: Grounds into double play, 6-4-3 (Groundball, 56, EV 105.0 MPH)
Batting: RHB Dave Watson 0-0: Fly out, F9 (Flyball, 9D, EV 98.8 MPH)
Bottom of the 1st over - 0 runs, 0 hits, 0 errors, 0 left on base; Redwood 0 - Fort Knox 0
TOP OF THE 2ND
Redwood Rhinos batting - Pitching for Fort Knox Centennial : RHP Clark Ritchie
Batting: RHB Scott Fletcher 0-0: Called Strike
0-1: Ball
1-1: Ball
2-1: Ball
3-1: DOUBLE (Line Drive, 9LS, EV 93.8 MPH)
Batting: LHB Nicholas Sullivan 0-0: Swinging Strike
0-1: Swinging Strike
0-2: Strikes out swinging
Batting: RHB Derek Leyva 0-0: Ball
1-0: Ball
2-0: Ball
3-0: Base on Balls
Batting: RHB José Medina 0-0: Called Strike
0-1: Ball
1-1: Called Strike
1-2: Strikes out swinging
Batting: RHB Joseph Moore 0-0: Ball
1-0: Ball
2-0: Reached on error, E6 (Groundball, 6, EV 106.9 MPH)
Scott Fletcher to third
Derek Leyva to second
Batting: RHB Roy MacDonald 0-0: Called Strike
0-1: Ball
1-1: Swinging Strike
1-2: Foul Ball, location: 2F
1-2: Strikes out looking
Top of the 2nd over - 0 runs, 1 hit, 1 error, 3 left on base; Redwood 0 - Fort Knox 0
BOTTOM OF THE 2ND
Fort Knox Centennial batting - Pitching for Redwood Rhinos : RHP Noah Olinger
Batting: RHB Curt McDaniel 0-0: Ball
1-0: Ground out 5-3 (Groundball, 5, EV 83.8 MPH)
Batting: RHB Jon Lake 0-0: Fly out, F8 (Flyball, 8RS, EV 83.1 MPH)
Pitching: LHP Gael Rabbetts
Batting: LHB Connor Dunne 0-0: Foul Ball, location: 2F
0-1: Ball
1-1: Ball
2-1: DOUBLE (Flyball, 89D, EV 88.8 MPH)
Batting: RHB Lloyd Griffin 0-0: Ball
1-0: Called Strike
1-1: SINGLE (Groundball, 5D, EV 106.2 MPH)
Connor Dunne to third
Runner from 3rd tries for Home, SAFE, no throw by LF
Batting: LHB Zhang Cuan 0-0: Foul Ball, location: 2F
0-1: Foul Ball, location: 2F
0-2: Foul Ball, location: 2F
0-2: Strikes out looking
Bottom of the 2nd over - 1 run, 2 hits, 0 errors, 1 left on base; Redwood 0 - Fort Knox 1
TOP OF THE 3RD
Redwood Rhinos batting - Pitching for Fort Knox Centennial : RHP Clark Ritchie
Batting: RHB Jimmy Cooper 0-0: Ball
1-0: Hit by Pitch
Batting: SHB Ralph Ludwig 0-0: Called Strike
0-1: Foul Ball, location: 2F
0-2: Ball
1-2: Ball
2-2: Strikes out swinging
Batting: LHB Stan Daniels 0-0: Foul Ball, location: 2F
0-1: Swinging Strike
0-2: Ball
1-2: Ball
2-2: Ball
3-2: Foul Ball, location: 2F
3-2: Strikes out swinging
Jimmy Cooper is caught stealing 2nd base 2-6
Batter strikes out.
Top of the 3rd over - 0 runs, 0 hits, 0 errors, 0 left on base; Redwood 0 - Fort Knox 1
BOTTOM OF THE 3RD
Fort Knox Centennial batting - Pitching for Redwood Rhinos : LHP Gael Rabbetts
Batting: LHB Chin-seok Chong 0-0: Called Strike
0-1: Swinging Strike
0-2: Foul Ball, location: 2F
0-2: Ball
1-2: Ground out 2-3 (Groundball, 15S, EV 63.1 MPH)
Batting: LHB Don Barnes 0-0: Foul Ball, location: 2F
0-1: Foul Ball, location: 2F
0-2: Fly out, F2 (Popup, 25F, EV 76.9 MPH)
Batting: LHB Adhane Nduria 0-0: Swinging Strike
0-1: Ground out 6-3 (Groundball, 6, EV 91.2 MPH)
Bottom of the 3rd over - 0 runs, 0 hits, 0 errors, 0 left on base; Redwood 0 - Fort Knox 1
TOP OF THE 4TH
Redwood Rhinos batting - Pitching for Fort Knox Centennial : RHP Clark Ritchie
Batting: RHB Scott Fletcher 0-0: Ball
1-0: Foul Ball, location: 2F
1-1: Ground out 5-3 (Groundball, 56S, EV 92.5 MPH)
Batting: LHB Nicholas Sullivan 0-0: Ball
1-0: Called Strike
1-1: Ground out U3 (Groundball, 3, EV 86.9 MPH)
Batting: RHB Derek Leyva 0-0: Ball
1-0: Ball
2-0: Ball
3-0: Base on Balls
Batting: RHB José Medina 0-0: Called Strike
Derek Leyva steals 2nd base
0-1: Foul Ball, location: 2F
0-2: SINGLE (Groundball, 56D, EV 105.0 MPH)
Derek Leyva to third
Runner from 3rd tries for Home, SAFE, no throw by LF
Batting: RHB Joseph Moore 0-0: Ball
1-0: Called Strike
1-1: Ball
2-1: Foul Ball, location: 2F
2-2: Strikes out swinging
Top of the 4th over - 1 run, 1 hit, 0 errors, 1 left on base; Redwood 1 - Fort Knox 1
BOTTOM OF THE 4TH
Fort Knox Centennial batting - Pitching for Redwood Rhinos : LHP Gael Rabbetts
Batting: RHB Dave Watson 0-0: Called Strike
0-1: Ball
1-1: Ball
2-1: Foul Ball, location: 2F
2-2: Strikes out looking
Batting: RHB Curt McDaniel 0-0: Called Strike
0-1: Ball
1-1: Ball
2-1: Ball
3-1: Base on Balls
Batting: RHB Jon Lake 0-0: Called Strike
0-1: 2-RUN HOME RUN (Line Drive, 8RXD, EV 99.4 MPH), Distance : 452 ft
Batting: LHB Connor Dunne 0-0: Fly out, F9 (Flyball, 9LSF, EV 91.9 MPH)
Batting: RHB Lloyd Griffin 0-0: Swinging Strike
0-1: Ball
1-1: Fly out, F5 (Popup, 5SF, EV 75.0 MPH)
Bottom of the 4th over - 2 runs, 1 hit, 0 errors, 0 left on base; Redwood 1 - Fort Knox 3
TOP OF THE 5TH
Redwood Rhinos batting - Pitching for Fort Knox Centennial : RHP Clark Ritchie
Batting: RHB Roy MacDonald 0-0: Ball
1-0: Called Strike
1-1: Foul Ball, location: 2F
1-2: Foul Ball, location: 2F
1-2: Strikes out swinging
Batting: RHB Jimmy Cooper 0-0: Called Strike
0-1: Foul Ball, location: 2F
0-2: Ground out 5-3 (Groundball, 56, EV 77.5 MPH)
Batting: SHB Ralph Ludwig 0-0: Swinging Strike
0-1: Ball
1-1: Ball
2-1: Foul Ball, location: 2F
2-2: SINGLE (Groundball, 4MD, EV 98.8 MPH)
Batting: LHB Stan Daniels 0-0: Ball
1-0: Ball
2-0: Ball
3-0: Called Strike
3-1: Called Strike
3-2: Strikes out swinging
Top of the 5th over - 0 runs, 1 hit, 0 errors, 1 left on base; Redwood 1 - Fort Knox 3
BOTTOM OF THE 5TH
Fort Knox Centennial batting - Pitching for Redwood Rhinos : LHP Gael Rabbetts
Batting: LHB Zhang Cuan 0-0: Ball
1-0: Called Strike
1-1: Ground out 4-3 (Groundball, 4, EV 85.6 MPH)
Batting: LHB Chin-seok Chong 0-0: Ball
1-0: Ball
2-0: Foul Ball, location: 2F
2-1: Fly out, F7 (Flyball, 78M, EV 82.5 MPH)
Batting: LHB Don Barnes 0-0: Swinging Strike
0-1: Swinging Strike
0-2: Strikes out swinging
Bottom of the 5th over - 0 runs, 0 hits, 0 errors, 0 left on base; Redwood 1 - Fort Knox 3
TOP OF THE 6TH
Redwood Rhinos batting - Pitching for Fort Knox Centennial : RHP Clark Ritchie
Batting: RHB Scott Fletcher 0-0: Ball
1-0: SINGLE (Groundball, 6MD, EV 97.5 MPH)
Batting: LHB Nicholas Sullivan 0-0: Called Strike
Scott Fletcher steals 2nd base
0-1: Foul Ball, location: 2F
0-2: Ball
1-2: Ball
2-2: Strikes out swinging
Batting: RHB Derek Leyva 0-0: Called Strike
0-1: Foul Ball, location: 2F
0-2: Ball
1-2: Foul Ball, location: 2F
1-2: Foul Ball, location: 2F
1-2: Ball
2-2: Foul Ball, location: 2F
2-2: Foul Ball, location: 2F
2-2: Foul Ball, location: 2F
2-2: Foul Ball, location: 2F
2-2: SINGLE (Line Drive, 78M, EV 92.5 MPH)
Scott Fletcher to third
Pitching: RHP Mike Vanderbilt
Batting: RHB José Medina 0-0: Ball
1-0: Swinging Strike
1-1: SINGLE (Line Drive, 4MD, EV 95.6 MPH)
Scott Fletcher scores
Derek Leyva to second
Batting: RHB Joseph Moore 0-0: Called Strike
0-1: Swinging Strike
0-2: Ball
1-2: Strikes out looking
Batting: RHB Roy MacDonald 0-0: Called Strike
0-1: Called Strike
0-2: Foul Ball, location: 2F
0-2: Ball
1-2: Ball
2-2: Ground out 4-3 (Groundball, 4, EV 103.1 MPH)
Top of the 6th over - 1 run, 3 hits, 0 errors, 2 left on base; Redwood 2 - Fort Knox 3
BOTTOM OF THE 6TH
Fort Knox Centennial batting - Pitching for Redwood Rhinos : LHP Gael Rabbetts
Pitching: LHP Juan Barrón
Batting: LHB Adhane Nduria 0-0: Ball
1-0: Called Strike
1-1: Foul Ball, location: 2F
1-2: Strikes out looking
Batting: RHB Dave Watson 0-0: Ball
1-0: Ball
2-0: Called Strike
2-1: Ground out 4-3 (Groundball, 4M, EV 87.5 MPH)
Batting: RHB Curt McDaniel 0-0: Ball
1-0: Called Strike
1-1: Foul Ball, location: 2F
1-2: Ball
2-2: DOUBLE (Groundball, 5L, EV 108.8 MPH)
Batting: RHB Jon Lake 0-0: Intentional Walk
Batting: LHB Connor Dunne 0-0: Ball
1-0: Swinging Strike
1-1: Ball
2-1: 3-RUN HOME RUN (Flyball, 89XD, EV 96.2 MPH), Distance : 386 ft
Pitching: LHP Jesús Mercado
Batting: RHB Lloyd Griffin 0-0: Foul Ball, location: 2F
0-1: Foul Ball, location: 2F
0-2: Strikes out looking
Bottom of the 6th over - 3 runs, 2 hits, 0 errors, 0 left on base; Redwood 2 - Fort Knox 6
TOP OF THE 7TH
Redwood Rhinos batting - Pitching for Fort Knox Centennial : RHP Mike Vanderbilt
Batting: RHB Jimmy Cooper 0-0: SINGLE (Line Drive, 9LM, EV 111.2 MPH)
Batting: SHB Ralph Ludwig 0-0: Called Strike
0-1: Called Strike
0-2: Ball
1-2: Foul Ball, location: 2F
1-2: Ball
2-2: Foul Ball, location: 2F
2-2: Fielders Choice at 2nd, 4-6 (Groundball, 4, EV 101.2 MPH)
Batting: LHB Stan Daniels 0-0: Foul Ball, location: 2F
0-1: Ball
1-1: Swinging Strike
1-2: Ball
2-2: Foul Ball, location: 2F
2-2: Ball
3-2: Base on Balls
Ralph Ludwig to second
Batting: RHB Scott Fletcher 0-0: Ball
1-0: Swinging Strike
1-1: Foul Ball, location: 2F
1-2: Strikes out swinging
Batting: LHB Nicholas Sullivan 0-0: Called Strike
0-1: Swinging Strike
0-2: Ball
1-2: Ball
2-2: Fielders Choice at 2nd, 6-4 (Groundball, 6, EV 80.0 MPH)
Top of the 7th over - 0 runs, 1 hit, 0 errors, 2 left on base; Redwood 2 - Fort Knox 6
BOTTOM OF THE 7TH
Fort Knox Centennial batting - Pitching for Redwood Rhinos : LHP Jesús Mercado
Batting: LHB Zhang Cuan 0-0: Ball
1-0: DOUBLE (Flyball, 89XD, EV 102.5 MPH)
Batting: LHB Chin-seok Chong 0-0: Ball
1-0: Foul Ball, location: 2F
1-1: Ball
2-1: Called Strike
2-2: Foul Ball, location: 2F
2-2: Fly out, F8 (Line Drive, 8RD, EV 98.8 MPH)
Batting: LHB Don Barnes 0-0: Ball
1-0: Foul Ball, location: 2F
1-1: Ball
2-1: Ball
3-1: Foul Ball, location: 2F
3-2: SINGLE (Flyball, 7LS, EV 88.8 MPH)
Zhang Cuan to third
Batting: LHB Adhane Nduria 0-0: Called Strike
0-1: Foul Ball, location: 2F
0-2: Ball
1-2: SINGLE (Groundball, 5D, EV 103.8 MPH)
Zhang Cuan scores
Don Barnes to second
Pitching: RHP Christopher Benson
Batting: RHB Dave Watson 0-0: Swinging Strike
0-1: Called Strike
0-2: Strikes out swinging
Batting: RHB Curt McDaniel 0-0: Called Strike
0-1: Called Strike
0-2: Fly out, F6 (Line Drive, 6, EV 68.1 MPH)
Bottom of the 7th over - 1 run, 3 hits, 0 errors, 2 left on base; Redwood 2 - Fort Knox 7
TOP OF THE 8TH
Redwood Rhinos batting - Pitching for Fort Knox Centennial : RHP Mike Vanderbilt
Batting: RHB Derek Leyva 0-0: Foul Ball, location: 2F
0-1: Ball
1-1: Swinging Strike
1-2: Ball
2-2: SINGLE (Groundball, 56S, EV 69.4 MPH) (infield hit)
Batting: RHB José Medina 0-0: Ground out 6-3 (Groundball, 6S, EV 69.4 MPH)
Derek Leyva to second
Batting: RHB Joseph Moore 0-0: Ball
1-0: Called Strike
1-1: Ground out U3 (Groundball, 34, EV 96.2 MPH)
Derek Leyva to third
Batting: RHB Roy MacDonald 0-0: Called Strike
0-1: Ground out 5-3 (Groundball, 5, EV 100.0 MPH)
Top of the 8th over - 0 runs, 1 hit, 0 errors, 1 left on base; Redwood 2 - Fort Knox 7
BOTTOM OF THE 8TH
Fort Knox Centennial batting - Pitching for Redwood Rhinos : RHP Christopher Benson
Batting: RHB Jon Lake 0-0: Ground out 4-3 (Groundball, 4, EV 108.1 MPH)
Batting: LHB Connor Dunne 0-0: Called Strike
0-1: Called Strike
0-2: Foul Ball, location: 2F
0-2: Strikes out looking
Batting: RHB Lloyd Griffin 0-0: Ball
1-0: Foul Ball, location: 2F
1-1: Ball
2-1: Swinging Strike
2-2: Foul Ball, location: 2F
2-2: Ground out 2-3 (Groundball, 13S, EV 67.5 MPH)
Bottom of the 8th over - 0 runs, 0 hits, 0 errors, 0 left on base; Redwood 2 - Fort Knox 7
TOP OF THE 9TH
Redwood Rhinos batting - Pitching for Fort Knox Centennial : RHP Mike Vanderbilt
Batting: RHB Jimmy Cooper 0-0: Called Strike
0-1: Called Strike
0-2: Strikes out looking
Batting: SHB Ralph Ludwig 0-0: Ball
1-0: Ball
2-0: Called Strike
2-1: Foul Ball, location: 2F
2-2: Ball
3-2: Strikes out swinging
Batting: LHB Stan Daniels 0-0: Ground out U3 (Groundball, 3, EV 103.8 MPH)
Top of the 9th over - 0 runs, 0 hits, 0 errors, 0 left on base; Redwood 2 - Fort Knox 7
Friday, March 26th, 2021 - OOTP Baseball 20.8 Build 74